 Dungeon Crawl Stone Soup version 0.29.0-11-gd7f09526c8 (webtiles) character file.

Game seed: 7124142491507606026

4673 keekatzer the Ruffian (level 10, -3/112 HPs)
             Began as a Troll Transmuter on Sept 6, 2022.
             Was an Initiate of Elyvilon.
             Slain by an orc warrior
             ... wielding a +0 glaive
              (12 damage)
             ... in a bailey.
             The game lasted 00:31:33 (4842 turns).

keekatzer the Ruffian (Troll Transmuter)            Turns: 4842, Time: 00:31:36

Health: -3/112     AC:  6    Str: 20    XL:     10   Next: 21%
Magic:  0/13       EV: 11    Int:  9    God:    Elyvilon [......]
Gold:   468        SH:  0    Dex: 20    Spells: 8/15 levels left

rFire   x . .      SeeInvis .     - Unarmed
rCold   + + +      Faith    .   (shield currently unavailable)
rNeg    . . .      Spirit   .   (body armour currently unavailable)
rPois   +          Reflect  .   (helmet currently unavailable)
rElec   .          Harm     .   (cloak currently unavailable)
rCorr   .          Rampage  .   (gloves unavailable)
Will    .....                   (boots unavailable)
Stlth   ++........              (no amulet)
HPRegen 1.08/turn               q - +6 ring of dexterity
MPRegen 0.13/turn               E - ring of wizardry

@: ice-form, flying, very slightly contaminated
A: freezing attack, amphibious, boosted hp, large, unfitting armour, (claws 3),
regeneration 1, (shaggy fur 1), (tough skin 1)
a: End Transformation, Renounce Religion


You were in a bailey.
You worshipped Elyvilon.
Elyvilon was noncommittal.
You were a creature of crystalline ice.
You visited 2 branches of the dungeon, and saw 9 of its levels.
You also visited: Sewer and Bailey.

You collected 468 gold pieces.

Inventory:

Armour
 o - a +0 cloak (melded)
 s - a +0 troll leather armour (melded) {Pargi}
 y - a +0 tower shield
 A - +0 shadow dragon scales
 F - +0 steam dragon scales
Jewellery
 a - a ring of positive energy
 q - a +6 ring of dexterity (left front paw)
 E - a ring of wizardry (right front paw)
Wands
 w - a wand of flame (21)
 D - a wand of iceblast (6)
 G - a wand of digging (4)
Scrolls
 c - 2 scrolls of fog {unknown}
 f - 3 scrolls of identify
 k - a scroll of magic mapping {unknown}
 p - a scroll of summoning {unknown}
 t - 3 scrolls of teleportation
 u - 3 scrolls of amnesia {unknown}
 v - 3 scrolls of blinking {unknown}
 z - a scroll of enchant weapon {unknown}
 B - 2 scrolls of enchant armour {unknown}
 I - a scroll of vulnerability {unknown}
Potions
 b - 3 potions of lignification
 d - a potion of haste
 e - 2 potions of attraction
 g - 3 potions of curing
 h - a potion of flight
 i - a potion of mutation {unknown}
 l - 2 potions of brilliance {unknown}
 m - 2 potions of magic {unknown}
 n - 4 potions of invisibility {unknown}
 r - 3 potions of might {unknown}
 x - 2 potions of berserk rage
 C - 3 potions of cancellation {unknown}
 H - 4 potions of heal wounds {unknown}


   Skills:
 + Level 4.6 Fighting
 - Level 4.0 Armour
 + Level 3.4 Dodging
 * Level 6.7 Unarmed Combat
 + Level 3.1 Spellcasting
 + Level 5.2 Transmutations
 + Level 5.2 Ice Magic


You had 8 spell levels left.
You knew the following spells:

 Your Spells              Type           Power      Damage    Failure   Level
a - Beastly Appendage     Tmut           20%        N/A       1%          1
b - Wereblood             Tmut           10%        N/A       1%          2
c - Ice Form              Ice/Tmut       10%        N/A       14%         4

Your spell library contained the following spells:

 Spells                   Type           Power      Damage    Failure   Level
 Ensorcelled Hibernation  Hex/Ice        12%        N/A       6%          2
 Passwall                 Tmut/Erth      5%         N/A       6%          2
 Foxfire                  Conj/Fire      4%         2x1d4     12%         1
 Sandblast                Erth           2%         2d4       12%         1
 Summon Small Mammal      Summ           4%         N/A       12%         1
 Spider Form              Tmut/Pois      6%         N/A       12%         3
 Call Canine Familiar     Summ           1%         N/A       32%         3
 Conjure Flame            Conj/Fire      1%         6-21      32%         3
 Inner Flame              Hex/Fire       1%         N/A       32%         3
 Stone Arrow              Conj/Erth      2%         3d7       32%         3
 Summon Guardian Golem    Hex/Summ       1%         N/A       32%         3
 Swiftness                Air            1%         N/A       32%         3
 Flame Wave               Conj/Fire      1%         2d4       71%         4
 Fireball                 Conj/Fire      0%         3d3       96%         5
 Starburst                Conj/Fire      0%         6d3       100%        6
 Ignition                 Fire           0%         3d3       100%        8


Dungeon Overview and Level Annotations

Branches:
Dungeon (8/15)             Temple (1/1) D:7           Sewer (visited)
 Bailey (1/1)
   Lair: D:8-11

Altars:
Ashenzari
Cheibriados
Dithmenos
Elyvilon
Gozag
Kikubaaqudgha
Makhleb
Nemelex Xobeh
Okawaru
Qazlal
Ru
Trog
Vehumet
Wu Jian
Xom
Yredelemnul
The Shining One

Shops:
D:2 [


Innate Abilities, Weirdness & Mutations

You are a creature of crystalline ice.
You have a powerful freezing melee attack.
You are amphibious.
Your maximum health is increased.
Your armour is entirely melded.
You are incapable of wielding weapons or throwing items.
You are too large for most types of armour.
((You have claws for hands.))
Your natural rate of healing is unusually fast.
((You are covered in fur. (AC +1)))
((You have tough skin. (AC +1)))


Message History

The orc warrior goes into a battle-frenzy!
There is an open door, spattered with blood here.
Your transformation is almost over.
There is an open door here.
You warm up again.
Your +0 cloak unmelds from your body.
Your +0 troll leather armour {Pargi} unmelds from your body.
The orc warrior hits you from afar with a +0 spear.
Things that are here:
a +0 trident; a +0 scale mail The orc warrior hits you with a +0 spear.
You see here a +0 hand axe.
You scratch the orc warrior but do no damage.
The orc warrior hits you but does no damage.
Casting: Ice Form (dangerous; 16% risk of failure)
Confirm with . or Enter, or press ? or * to list all spells.
You miscast Ice Form.
You are very lightly contaminated with residual magic.
Nothing appears to happen.
The orc warrior hits you with a +0 spear!
The orc warrior misses you.
Casting: Ice Form (dangerous; 16% risk of failure)
Confirm with . or Enter, or press ? or * to list all spells.
You turn into a creature of crystalline ice.
Your +0 cloak melds into your body.
Your +0 troll leather armour {Pargi} melds into your body.
The orc warrior barely misses you.
The orc warrior hits you with a +0 glaive!
The orc warrior hits you from afar with a +0 halberd!
* * * LOW HITPOINT WARNING * * *
The orc warrior hits you from afar with a +0 glaive!
* * * LOW HITPOINT WARNING * * *
It was a potion of flight.
You feel very buoyant.
You fly up into the air.
The orc warrior barely misses you.
The orc warrior hits you with a +0 glaive!
* * * LOW HITPOINT WARNING * * *
The orc warrior barely misses you.
The orc warrior hits you from afar with a +0 glaive!
You die...

#...#
#...#
#...#
###'###
##.....##
#.......#
#.......#
#.)oo...#
#)Y#.#..#
#o##8##.#
#o.#.#..#
#..o.o..#
#.......#
#∩.....∩#
#.......#
##..?..##
#######


You could see 4 orc warriors.

Vanquished Creatures
  A two-headed ogre (D:8)
  An orc knight (Bailey)
  A troll (D:8)
  2 steam dragons
  3 water moccasins
  A sky beast (D:6)
  2 ice beasts
  Pargi (D:3)
  5 orc warriors
  A black bear (D:7)
  2 centaurs
  A wolf (D:8)
  The ghost of Esekla the Magician, an amateur DEWr (D:3)
  A bullfrog (D:7)
  2 gnoll sergeants
  A kobold brigand (D:7)
  A scorpion (D:6)
  An oklob sapling (D:7)
  4 killer bees (D:7)
  4 howler monkeys
  4 orc priests
  9 hounds
  2 jellies
  A gnoll bouda (D:6)
  An iguana (D:6)
  3 orc wizards
  22 gnolls
  4 adders
  An ufetubus (D:7)
  4 dart slugs
  29 orcs
  8 bats
  7 endoplasms
  3 giant cockroaches
  4 hobgoblins
  7 jackals
  3 quokkas
  4 ball pythons
  4 frilled lizards
  11 goblins
  9 kobolds
  3 rats
179 creatures vanquished.

Vanquished Creatures (others)
  18 plants (D:7)
18 creatures vanquished.

Grand Total: 197 creatures vanquished

Notes
Turn   | Place    | Note
-------+----------+-------------------------------------------
     0 | D:1      | keekatzer the Troll Transmuter began the quest for the Orb.
     0 | D:1      | Reached XP level 1. HP: 18/18 MP: 1/1
   140 | D:1      | Reached skill level 1 in Fighting
   142 | D:1      | Reached XP level 2. HP: 25/27 MP: 3/3
   351 | D:1      | Found a faded altar of an unknown god.
   362 | D:1      | Reached XP level 3. HP: 31/33 MP: 4/4
   650 | D:2      | Learned a level 2 spell: Wereblood
   893 | D:2      | Found Emyeniar's Antique Armour Emporium.
  1348 | D:3      | Reached XP level 4. HP: 15/41 MP: 5/5
  1406 | D:3      | Noticed Pargi
  1414 | D:3      | Killed Pargi
  1415 | D:3      | Reached XP level 5. HP: 46/49 MP: 1/6
  1460 | D:3      | Found a runed translucent door.
  1468 | D:3      | Noticed Esekla's ghost (amateur DEWr)
  1493 | D:3      | Killed Esekla's ghost
  1494 | D:3      | Reached skill level 4 in Unarmed Combat
  1494 | D:3      | Reached XP level 6. HP: 57/57 MP: 3/8
  1609 | D:3      | Found an ancient bone altar of Kikubaaqudgha.
  1935 | D:4      | You fall into a shaft and drop 2 floors!
  1981 | D:6      | Noticed an orc warrior
  1987 | D:6      | Reached skill level 1 in Armour
  2021 | D:7      | Noticed an ice beast
  2030 | D:7      | Killed an ice beast
  2031 | D:7      | Reached XP level 7. HP: 59/66 MP: 5/9
  2326 | D:7      | Reached skill level 5 in Unarmed Combat
  2417 | D:6      | Reached XP level 8. HP: 58/75 MP: 11/11
  2492 | D:6      | Identified the +4 shortbow "Beicerypp" {freeze, rF+ Str+5}
  2592 | D:5      | Entered Level 5 of the Dungeon
  2860 | D:5      | Found a glowing drain.
  2865 | Sewer    | Entered a sewer
  2910 | Sewer    | Reached skill level 6 in Unarmed Combat
  3244 | D:4      | Learned a level 4 spell: Ice Form
  3421 | D:6      | Reached skill level 1 in Ice Magic
  3556 | D:6      | Reached XP level 9. HP: 83/84 MP: 12/12
  3863 | D:7      | Found a staircase to the Ecumenical Temple.
  3870 | Temple   | Entered the Ecumenical Temple
  4015 | Temple   | Became a worshipper of Elyvilon the Healer
  4406 | D:8      | Noticed a two-headed ogre
  4415 | D:8      | Killed a two-headed ogre
  4416 | D:8      | Reached skill level 5 in Transmutations
  4422 | D:8      | Noticed a troll
  4423 | D:8      | Reached skill level 5 in Ice Magic
  4498 | D:8      | Killed a troll
  4531 | D:8      | Found an iron altar of Okawaru.
  4556 | D:8      | Found a flagged portal.
  4596 | Bailey   | Entered a bailey
  4646 | Bailey   | Reached XP level 10. HP: 94/94 MP: 5/13
  4687 | Bailey   | Noticed an orc knight
  4760 | Bailey   | Killed an orc knight
  4792 | Bailey   | Noticed an orc knight
  4842 | Bailey   | Slain by an orc warrior

Illustrated notes

Levels and vault maps discovered:
D:1:      dpeg_arrival_arbitrary_c, layout_basic,
          hellmonk_ecumenical_altar_dog_temple
D:2:      layout_basic, serial_shops, shop_statue
D:3:      layout_basic, kiku_gazebo_pond_becter, ebering_ghost_reflecting_pool,
          st_stairs_11, uniq_pargi
D:4:      layout_cave_pools
D:5:      layout_rooms, portal_sewer_entry_e
D:6:      layout_loops_ring, eino_small_chamber_without_monster
D:7:      layout_loops_corners, minmay_temple_entry_oklob
D:8:      layout_cave_pools, mainiacjoe_overflow_alcove_2, erik_lair_island,
          enter_bailey_7, serial_shops, shop, uniq_gastronok
Temple:   mainiacjoe_temple_cubbyholes
Bailey:   bailey_polearm_5, bailey

Skill      XL: |  1  2  3  4  5  6  7  8  9 |
---------------+----------------------------+-----
Fighting       | 1 2 3 4 |  4.6
Dodging        | 2 3 |  3.4
Transmutations | 2 3 4 5 |  5.2
Spellcasting   | 2 3 |  3.1
Unarmed Combat | 4 5 6 |  6.7
Armour         | 1 2 3 4 |  4.0
Ice Magic      | 1 5 |  5.2

Action                   |  1- 3 |  4- 6 |  7- 9 | 10-12 || total
-------------------------+-------+-------+-------+-------++-------
Melee: Unarmed           |   106 |   112 |   254 |    32 ||   504
       Punch             |     4 |     3 |    13 |       ||    20
       Headbutt          |       |     4 |    16 |       ||    20
       Kick              |       |     7 |    24 |       ||    31
 Cast: Beastly Appendage |     3 |     5 |    10 |       ||    18
       Wereblood         |       |     3 |     6 |     3 ||    12
       Ice Form          |       |       |     5 |     4 ||     9
  Use: Scroll            |       |       |     4 |       ||     4
       Potion            |       |       |     1 |     1 ||     2
 Stab: Sleeping          |       |       |     3 |       ||     3
Armor: Robe              |    24 |     2 |       |       ||    26
       Troll leather arm |       |    50 |    86 |     1 ||   137
       Skin              |       |       |    14 |     6 ||    20
Dodge: Dodged            |    47 |    64 |   144 |    40 ||   295
